 Dungeon Crawl Stone Soup version 0.27.1-34-g3ba077fa99 (webtiles) character file.

Game seed: 3101890982302568602

60 Lega the Skirmisher (level 4, -2/37 HPs)
             Began as a Human Gladiator on Jan 6, 2022.
             Was a Follower of Cheibriados.
             Succumbed to a gnoll's poison
             ... on level 2 of the Dungeon.
             The game lasted 00:10:53 (1913 turns).

Lega the Skirmisher (Human Gladiator)               Turns: 1913, Time: 00:10:54

Health: -2/37      AC:  9    Str: 19    XL:     4   Next: 24%
Magic:  4/4        EV:  8    Int: 11    God:    Cheibriados [*.....]
Gold:   120        SH:  0    Dex: 17    Spells: 3/3 levels left

rFire    . . .     SeeInvis .   a - +0 war axe
rCold    . . .     Faith    .   (no shield)
rNeg     . . .     Spirit   .   h - +0 chain mail
rPois    .         Reflect  .   (no helmet)
rElec    .         Harm     .   g - +0 cloak
rCorr    .         Rampage  .   (no gloves)
Will     .....                  (no boots)
Stlth    ..........             j - amulet of the acrobat
HPRegen  0.12/turn              (no ring)
MPRegen  0.09/turn              (no ring)

@: lethally poisoned (-2 -> -17), very slow
A: high mp 1
a: Renounce Religion, Bend Time


You were on level 2 of the Dungeon.
You worshipped Cheibriados.
Cheibriados was aware of your devotion.
You visited 1 branch of the dungeon, and saw 2 of its levels.

You collected 120 gold pieces.

Inventory:

Hand Weapons
 a - a +0 war axe (weapon)
 n - a +0 club
Missiles
 d - 2 throwing nets (quivered)
Armour
 b - a +0 leather armour
 c - a +0 helmet
 g - a +0 cloak (worn)
 h - a +0 chain mail (worn)
 l - a +0 helmet
 o - a +0 robe
Jewellery
 j - an amulet of the acrobat (around neck)
Wands
 k - a wand of flame (19)
Potions
 e - a potion of degeneration


   Skills:
 * Level 4.2 Fighting
 - Level 3.0 Axes
 - Level 2.0 Throwing
 - Level 3.0 Dodging


You had 3 spell levels left.
You didn't know any spells.
Your spell library was empty.

Dungeon Overview and Level Annotations

Branches:
Dungeon (2/15)

Altars:
Cheibriados


Innate Abilities, Weirdness & Mutations

You have an increased reservoir of magic. (+10% MP)


Message History

A gnoll comes into view. It is wielding a +0 halberd of venom.
A gnoll is nearby!
A gnoll comes into view. It is wielding a +0 flail.
The gnoll closely misses you. x2
You closely miss the gnoll.
The gnoll hits you with a +0 halberd of venom!
The gnoll completely misses you. The gnoll misses you.
The gnoll barely misses you.
You see here a dart slug corpse.
The gnoll completely misses you. x2
The gnoll hits you but does no damage.
You slash the gnoll!
The gnoll is severely wounded.
The gnoll closely misses you. The gnoll hits you but does no damage.
You slash the gnoll!
You kill the gnoll!
Cheibriados appreciates the change of pace.
The gnoll hits you but does no damage.
You are poisoned.
The gnoll hits you from afar with a +0 halberd of venom!
You are lethally poisoned!
As you read the scroll of teleportation, it crumbles to dust.
You feel strangely unstable.
* * * LOW HITPOINT WARNING * * *
You feel very sick. The gnoll hits you but does no damage.
You are more poisoned.
* * * LOW HITPOINT WARNING * * *
You feel very sick. The gnoll misses you.
Your surroundings suddenly seem different.
* * * LOW HITPOINT WARNING * * *
You feel very sick.
There is a lethal amount of poison in your body!
You feel extremely strange. A pair of antennae grows on your head!
Your +0 helmet falls away!
The antennae on your head shrink away.
You feel more energetic.
You die...

##.# ###.##### #..#
######.### # ######.##
##...#....### #...##.#
###............
#...##>###.............#
#...##.##...............
#.........#.............
#...#...................
#......@<............#†#
#................#####.#
#....#..........>.......
####.#..................
#.########.###.......
#.##.......# ########
#####.#..#######
#......(..# #.........#


There were no monsters in sight!

Vanquished Creatures
  An adder (D:2)
  A gnoll (D:2)
  2 worms (D:2)
  3 dart slugs (D:2)
  2 endoplasms (D:2)
  A giant cockroach (D:2)
  3 goblins
  2 hobgoblins (D:2)
  2 quokkas
  3 ball pythons
  3 frilled lizards
  5 kobolds
  2 rats
30 creatures vanquished.

Notes
Turn   | Place    | Note
-------+----------+-------------------------------------------
     0 | D:1      | Lega the Human Gladiator began the quest for the Orb.
     0 | D:1      | Reached XP level 1. HP: 16/16 MP: 1/1
   364 | D:1      | Found a faded altar of an unknown god.
   372 | D:1      | Became a worshipper of Cheibriados the Contemplative
   372 | D:1      | Reached * piety under Cheibriados
   555 | D:1      | Reached XP level 2. HP: 23/23 MP: 2/2
   977 | D:1      | You fall into a shaft and drop 1 floor!
  1047 | D:2      | Reached skill level 3 in Fighting
  1366 | D:2      | Reached XP level 3. HP: 19/29 MP: 3/3
  1896 | D:2      | Reached skill level 4 in Fighting
  1896 | D:2      | Reached XP level 4. HP: 28/37 MP: 4/4
  1912 | D:2      | HP: 1/37 [poisoned by a gnoll]
  1913 | D:2      | Gained mutation: You have a pair of small antennae on your
                  | head. [potion of mutation]
  1913 | D:2      | Lost mutation: You have a pair of small antennae on your
                  | head. [potion of mutation]
  1913 | D:2      | Gained mutation: You have an increased reservoir of magic.
                  | (+10% MP) [potion of mutation]
  1913 | D:2      | Succumbed to a gnoll's poison

Illustrated notes

Levels and vault maps discovered:
D:1:      lightli_molten_gateway, layout_loops_corners,
          hellmonk_ecumenical_altar_crossroads, fountainhead, minmay_ruptured
D:2:      layout_rooms, minmay_randomly_rotated_circles

Skill      XL: |  1  2  3 |
---------------+----------+-----
Fighting       | 3 4 |  4.2
Axes           | |  3.0
Throwing       | |  2.0
Dodging        | |  3.0

Action                   |  1- 3 |  4- 6 || total
-------------------------+-------+-------++-------
Melee: War axe           |    75 |     3 ||    78
Throw: Throwing net      |     1 |       ||     1
  Use: Scroll            |     5 |     1 ||     6
       Potion            |     1 |     1 ||     2
 Stab: Sleeping          |     1 |       ||     1
       Held in net/web   |     1 |       ||     1
Armor: Leather armour    |    15 |       ||    15
       Chain mail        |    24 |     4 ||    28
Dodge: Dodged            |    45 |     9 ||    54
